 Dungeon Crawl Stone Soup version 0.24-a0-789-g35933f4585 (webtiles) character file.

Game seed: 15472210222167868674, levelgen mode: deterministic

51 Johnny the Digger (level 3, -6/28 HPs)
             Began as a Demigod Earth Elementalist on Oct 10, 2019.
             Mangled by Crazy Yiuf
             ... wielding a +2 quarterstaff of chaos
              (8 damage)
             ... on level 2 of the Dungeon.
             The game lasted 00:01:30 (2051 turns).

Johnny the Digger (Demigod Earth Elementalist)      Turns: 2051, Time: 00:01:30

Health: -6/28      AC:  2    Str: 11    XL:     3   Next: 36%
Magic:  5/8        EV: 13    Int: 21    God:
Gold:   112        SH:  0    Dex: 16    Spells: 5/6 levels left

rFire    . . .     SeeInvis .   a - +0 short sword
rCold    . . .     Gourm    .   (no shield)
rNeg     . . .     Faith    .   c - +0 robe
rPois    .         Spirit   .   (no helmet)
rElec    .         Reflect  .   (no cloak)
rCorr    .         Harm     .   (no gloves)
MR       .....                  (no boots)
Stlth    ++........             (no amulet)
HPRegen  0.09/turn              (no ring)
MPRegen  0.11/turn              (no ring)

@: no status effects
A: high mp 1
a: no special abilities


You were on level 2 of the Dungeon.
You were near starving.

You visited 1 branch of the dungeon, and saw 2 of its levels.

You collected 112 gold pieces.

Inventory:

Hand Weapons
 a - a +0 short sword (weapon)
Missiles
 b - 51 stones (quivered)
Armour
 c - a +0 robe (worn)
Scrolls
 e - 4 scrolls of teleportation {unknown}
 f - a scroll of identify {unknown}
 l - 3 scrolls of remove curse {unknown}
Potions
 g - a potion of lignification {unknown}
 h - a potion of degeneration {unknown}
 i - a potion of agility {unknown}
 j - a potion of ambrosia {unknown}
 k - 3 potions of cancellation {unknown}
Comestibles
 d - 4 rations


   Skills:
 + Level 1.0 Fighting
 + Level 2.2 Dodging
 - Level 1.7 Stealth
 + Level 2.1 Spellcasting
   Level 0.8 Transmutations
 * Level 3.4 Earth Magic


You had 5 spell levels left.
You knew the following spells:

 Your Spells              Type           Power        Failure   Level  Hunger
a - Sandblast             Erth           ###...       3%          1    #......

Your spell library contained the following spells:

 Spells                   Type           Power        Failure   Level  Hunger
 Passwall                 Tmut/Erth      ##......     9%          2    ##.....
 Stone Arrow              Conj/Erth      #.....       22%         3    ###....
 Petrify                  Tmut/Erth      ##......     52%         4    #####..
 Lee's Rapid Deconstruct  Erth           ###.......   69%         5    ######.


Dungeon Overview and Level Annotations

Branches:
Dungeon (2/15)

Annotations:
D:2 Crazy Yiuf


Innate Abilities, Weirdness & Mutations

You have an increased reservoir of magic. (+10% MP)


Message History

Confirm with . or Enter, or press ? or * to list all spells.
Aiming: Sandblast (safe; 3% risk of failure)
Press: ? - help, Shift-Dir - straight line, f/p - Crazy Yiuf
Aim: Crazy Yiuf, wielding a +2 quarterstaff of chaos and wearing a +0 cloak (lightly wounded)
The blast of sand misses Crazy Yiuf.
b - 52 stones Crazy Yiuf says, "Key unthinkable blue!"
Crazy Yiuf hits you with a +2 quarterstaff of chaos!
You are electrocuted!
* * * LOW HITPOINT WARNING * * *
Casting: Sandblast (safe; 3% risk of failure)
Confirm with . or Enter, or press ? or * to list all spells.
Aiming: Sandblast (safe; 3% risk of failure)
Press: ? - help, Shift-Dir - straight line, f/p - Crazy Yiuf
Aim: Crazy Yiuf, wielding a +2 quarterstaff of chaos and wearing a +0 cloak (lightly wounded)
The blast of sand hits Crazy Yiuf!
Crazy Yiuf is heavily wounded.
b - 51 stones Crazy Yiuf hits you with a +2 quarterstaff of chaos!
You die...

##### #..)#
#...# ...
#g# ♣♣@♣
########
♣.♣♣
#....... ###
♣♣.♣
##.######
##.# ♣.♣♣
####........
#..# ♣♣.♣♣
#.....#####.
#..# ♣.P.♣♣
####.## #.
######..#
♣P...♣ #.#
#.
####.......#
#....# #.#
#.
.>...####.##
#....# #.#
#.


You could see Crazy Yiuf.

Vanquished Creatures
  2 worms (D:2)
  3 dart slugs
  3 leopard geckos
  2 giant cockroaches (D:2)
  2 goblins (D:1)
  6 hobgoblins
  5 bats
  A frilled lizard (D:2)
  6 kobolds
  6 rats
36 creatures vanquished.

Notes
Turn   | Place    | Note
-------+----------+-------------------------------------------
     0 | D:1      | Johnny the Demigod Earth Elementalist began the quest for
                  | the Orb.
     0 | D:1      | Reached XP level 1. HP: 14/14 MP: 5/5
   149 | D:1      | Reached skill level 3 in Earth Magic
   149 | D:1      | Reached XP level 2. HP: 11/22 MP: 2/7
  1052 | D:2      | Found a burning altar of Makhleb.
  1097 | D:2      | Reached XP level 3. HP: 19/27 MP: 8/8
  1105 | D:2      | Reached skill level 1 in Fighting
  1912 | D:2      | Found a runed translucent door.
  1913 | D:2      | Noticed Crazy Yiuf
  2051 | D:2      | Mangled by Crazy Yiuf

Levels and vault maps discovered:
D:1:      dpeg_arrival_court, layout_basic, minmay_hexomino_f4
D:2:      layout_loops_ring, overflow_temple_1_default, uniq_crazy_yiuf_cottage

Skill      XL: |  1  2  3 |
---------------+----------+-----
Dodging        | 2 |  2.2
Earth Magic    | 3 |  3.4
Spellcasting   | 2 |  2.1
Fighting       | 1 |  1.0
Stealth        | |  1.7
Transmutations | |  0.8

Action                   || total
-------------------------++-------
Melee: Short sword       ||    74
       Unarmed           ||     2
 Cast: Sandblast         ||    28
 Stab: Sleeping          ||     3
  Eat: Chunk             ||     2
Armor: Robe              ||    19
Dodge: Dodged            ||    63

Table legend:
 A = Non-vault XP
 B = Vault XP
 C = Vault XP percentage of total XP
 D = Non-vault monster count
 E = Vault monster count
 F = Vault count percentage of total count
                 A         B        C        D         E       F
            +---------+---------+-------+---------+---------+-------
      Total |      68 |       5 |   6.8 |      33 |       3 |   8.3
            +---------+---------+-------+---------+---------+-------
        D:1 |      27 |       5 |  15.6 |      13 |       3 |  18.8
        D:2 |      41 |       0 |   0.0 |      20 |       0 |   0.0
            +---------+---------+-------+---------+---------+-------
